 Dungeon Crawl Stone Soup version 0.31-a0-564-g3b7de120b3 (webtiles) character file.

Game seed: 11352034552115748122

869 CraigForest the Covered (level 7, -6/62 HPs)
             Began as an Armataur Fighter on Aug 17, 2023.
             Was a Follower of Okawaru.
             Killed from afar by an orc wizard (11 damage)
             ... with a magic dart
             ... on level 5 of the Dungeon.
             The game lasted 00:15:30 (4897 turns).

CraigForest the Covered (Armataur Fighter)          Turns: 4897, Time: 00:15:31

Health: -6/62      AC: 16    Str: 23    XL:     7   Next: 73%
Magic:  7/7        EV:  7    Int:  8    God:    Okawaru [*.....]
Gold:   143        SH:  4    Dex: 10    Spells: 6/6 levels left

rFire   + + +        a - +1 flail
rCold   . . .        c - +0 buckler
rNeg    . . .        f - +2 fire dragon scales
rPois   +            (no helmet)
rElec   .            j - scarf {rC+ rF+}
rCorr   .            x - +0 pair of gloves {hurl}
SInv    .            (no barding)
Will    .....        (no amulet) Stlth
                     e - +4 ring of protection
HPRegen 0.30/turn    u - ring of poison resistance
MPRegen 0.10/turn

%: roll
@: mighty
A: large, rugged brown scales 3, deformed body, armoured tail, roll, long
tongue, awkward tongue
a: Renounce Religion, Heroism


You were on level 5 of the Dungeon.
You worshipped Okawaru.
Okawaru was aware of your devotion.
You visited 2 branches of the dungeon, and saw 7 of its levels.

You collected 269 gold pieces.
You spent 126 gold pieces at shops.

Inventory:

Hand Weapons
 a - a +1 flail (weapon)
 o - a +1 hand axe of freezing
 y - a +2 halberd of protection
Missiles
 s - 2 poisoned darts
 C - 5 boomerangs (quivered)
Armour
 b - a +0 scale mail
 c - a +0 buckler (worn)
 f - +2 fire dragon scales (worn)
 j - a scarf of resistance (worn)
 x - a +0 pair of gloves of hurling (worn)
Jewellery
 e - a +4 ring of protection (left hand)
 m - a ring of protection from fire
 u - a ring of poison resistance (right hand)
 v - a ring of fire
 A - a ring of fire
Talismans
 g - a flux talisman
Wands
 t - a wand of iceblast (9)
 w - a wand of polymorph (14)
 B - a wand of flame (38)
Scrolls
 k - 3 scrolls of immolation
 l - a scroll of blinking
 p - a scroll of enchant weapon
 z - a scroll of teleportation
Potions
 i - 2 potions of lignification
 n - a potion of enlightenment
 r - 3 potions of attraction


   Skills:
 + Level 3.8 Fighting
 + Level 5.2 Maces & Flails
 + Level 1.3 Throwing
 + Level 6.4 Armour
 + Level 1.4 Dodging
 + Level 0.4 Stealth
 + Level 4.6 Shields


You had 6 spell levels left.
You didn't know any spells.
Your spell library contained the following spells:

 Spells                   Type           Power      Damage    Failure   Level
 Shock                    Conj/Air       0%         1d3       82%         1
 Static Discharge         Conj/Air       0%         2-2/arc   91%         2
 Inner Flame              Hex/Fire       0%         N/A       99%         3
 Swiftness                Air            0%         N/A       99%         3
 Airstrike                Air            0%         2d(0-16)  100%        4
 Flame Wave               Conj/Fire      0%         2d4       100%        4
 Sticky Flame             Conj/Fire      0%         2d3       100%        4
 Orb of Destruction       Conj           0%         9d5       100%        7


Dungeon Overview and Level Annotations

Branches:
Dungeon (6/15)             Temple (1/1) D:4

Altars:
Ashenzari
Cheibriados
Elyvilon
Fedhas
Gozag
Hepliaklqana
Kikubaaqudgha
Nemelex Xobeh
Okawaru
Ru
Sif Muna
Trog
Uskayaw
Vehumet
Wu Jian
Yredelemnul

Shops:
D:4 ?[

Portals:
Ossuary: D:6


Innate Abilities, Weirdness & Mutations

You are completely covered in rugged brown scales. (AC +3, +7% HP)
Armour fits poorly on your strangely shaped body.
You have a long armoured tail.
You roll when moving toward enemies. (Rampage)
Your long tongue fully drains potion bottles. (2x potion effects)
Your tongue gives you trouble enunciating. (1.5x scroll delay)


Message History

Something hits you but does no damage.
You hear some strange, mumbled words.
You are confused.
You're too confused to move!
Something hits you but does no damage. x2
Something hits you but does no damage.
You see here a +0 short sword.
An orc wizard appears from thin air!
Reactivating autopickup.
You thump the orc wizard!
Your tail-slap misses the orc wizard.
The orc wizard is severely wounded.
An orc wizard appears from thin air!
The orc wizard hits you but does no damage.
The orc wizard mumbles some strange words.
The orc wizard flickers and vanishes!
Deactivating autopickup; reactivate with Ctrl-A.
The orc wizard hits you but does no damage.
You hear some strange, mumbled words.
A puff of flame appears from out of thin air!
The puff of flame hits you. You resist.
* * * LOW HITPOINT WARNING * * *
You bludgeon the orc wizard!!
You kill the orc wizard!
Okawaru accepts your kill. Something hits you but does no damage.
You completely miss something.
You hear some strange, mumbled words.
Something tries to affect you, but you resist.
You feel less confused.
You miss something. Something hits you but does no damage.
You closely miss something.
Your tail-slap misses something.
Something hits you but does no damage.
You hit something.
Your tail-slap misses something.
You block something's attack.
You miss something.
Something hits you but does no damage. x2
You closely miss something. Something hits you but does no damage.
You thump something!
You hear some strange, mumbled words.
A magic dart appears from out of thin air!
The magic dart hits you!
You die...

################
############...............
#######.......)[....#############
...............)##).#############
...>..........)...)>.............
..#####.########.)).#############
..### #.# #...........#
....###.## #@{..######.#
......#..# #.#.## #.# ....#.##.#
#.#.# ##.# ..###.##.# #.#.# #..#
..###.##.# #.#.# #.## .......#.#
#(#.# #.# #####..#.# #.#.# #.#
#..#.#######.#.# #.#
#..#.........#.# #.#


There were no monsters in sight!

Vanquished Creatures
  A water moccasin (D:5)
  An ogre (D:5)
  A scorpion (D:4)
  A hound (D:4)
  A gnoll bouda (D:5)
  2 orc priests (D:5)
  An iguana (D:5)
  2 sleepcaps (D:4)
  Natasha (thrice) (D:2)
  Ijyb (D:4)
  5 orc wizards
  4 gnolls (D:5)
  6 adders
  3 shadow imps (D:5)
  A worm (D:4)
  2 dart slugs
  6 orcs
  5 ball pythons
  3 bats
  11 endoplasms
  2 giant cockroaches
  4 goblins
  3 hobgoblins
  4 quokkas
  2 frilled lizards
  10 kobolds
  A rat (D:3)
86 creatures vanquished.

Notes
Turn   | Place    | Note
-------+----------+-------------------------------------------
     0 | D:1      | CraigForest the Armataur Fighter began the quest for the
                  | Orb.
     0 | D:1      | Reached XP level 1. HP: 19/19 MP: 1/1
   643 | D:1      | Reached XP level 2. HP: 26/26 MP: 2/2
   982 | D:2      | Noticed Natasha
   989 | D:2      | Killed Natasha
   990 | D:2      | Reached skill level 4 in Armour
   990 | D:2      | Reached XP level 3. HP: 17/32 MP: 3/3
  1069 | D:2      | Noticed Natasha
  1077 | D:2      | Killed Natasha
  1131 | D:2      | Reached XP level 4. HP: 40/40 MP: 4/4
  1328 | D:2      | Noticed Natasha
  1339 | D:2      | Killed Natasha
  1835 | D:3      | Reached skill level 5 in Armour
  1965 | D:3      | Got the Compilation of Momentum
  2067 | D:3      | Reached XP level 5. HP: 46/48 MP: 5/5
  2323 | D:3      | Found a sacrificial altar of Ru.
  2712 | D:4      | Noticed Ijyb
  2713 | D:4      | Found Dica's Armour Shoppe.
  2719 | D:4      | Killed Ijyb
  2726 | D:4      | Bought a +0 pair of gloves of hurling for 126 gold pieces
  2777 | D:4      | Found a staircase to the Ecumenical Temple.
  2786 | Temple   | Entered the Ecumenical Temple
  2813 | Temple   | Became a worshipper of Warmaster Okawaru
  2879 | D:4      | Reached XP level 6. HP: 52/54 MP: 6/6
  2932 | D:4      | Found Hiuhis's Magic Scroll Shop.
  2941 | D:4      | Found an opulent altar of Gozag.
  3446 | D:5      | Entered Level 5 of the Dungeon
  3519 | D:5      | Reached skill level 6 in Armour
  3527 | D:5      | Reached XP level 7. HP: 36/60 MP: 7/7
  3738 | D:5      | Found a transporter.
  3815 | D:5      | Found a transporter.
  3948 | D:5      | Reached skill level 5 in Maces & Flails
  4378 | D:5      | Reached * piety under Okawaru
  4639 | D:5      | Reached skill level 1 in Dodging
  4831 | D:6      | Found a sand-covered staircase.
  4878 | D:5      | Reached skill level 1 in Throwing
  4882 | D:5      | HP: 1/93 [something/puff of flame (9)]
  4888 | D:5      | HP: 1/62 [something/puff of flame (1)]
  4897 | D:5      | Killed from afar by an orc wizard

Illustrated notes

Levels and vault maps discovered:
D:1:      minmay_arrival_stair_chambers, layout_loops_corners,
          minmay_misc_feat_iff, minmay_split_cup_small
D:2:      layout_loops_ring, uniq_natasha
D:3:      layout_basic, lemuel_tele_altar, kennysheep_donut
D:4:      layout_layer_cave, nicolae_gozag_seed_capital,
          minmay_temple_entry_ruins, serial_shops, shop,
          nicolae_take_the_stairs, uniq_ijyb
D:5:      gammafunk_wand_slinger, layout_loops_ring
D:6:      layout_rooms, mainiacjoe_overflow_catch_the_wave,
          grunt_temple_overflow_diamond, nicolae_ossuary_entry_ruins
Temple:   nicolae_temple_great_sept

Skill      XL: |  1  2  3  4  5  6  7 |
---------------+----------------------+-----
Maces & Flails | 2 3 4 5 |  5.2
Armour         | 4 5 6 |  6.4
Fighting       | 3 |  3.8
Shields        | 4 |  4.6
Dodging        | 1 |  1.4
Throwing       | 1 |  1.3
Stealth        | |  0.4

Action                     |  1- 3 |  4- 6 |  7- 9 || total
---------------------------+-------+-------+-------++-------
  Melee: Flail             |    47 |   211 |    68 ||   326
         Tailslap          |     3 |    33 |     4 ||    40
  Throw: Boomerang         |       |       |    32 ||    32
    Use: Scroll            |     4 |     6 |     2 ||    12
         Potion            |       |       |     3 ||     3
 Armour: Fire dragon scale |    33 |   140 |    54 ||   227
         Skin              |       |       |    92 ||    92
  Dodge: Dodged            |    12 |    72 |    31 ||   115
  Block: Buckler           |     6 |    36 |    22 ||    64

Table legend: (Time is in decaauts)
 A = Elapsed time spent in this place.
 B = Non-inter-level travel time spent in this place.
 C = Inter-level travel time spent in this place.
 D = Time resting spent in this place.
 E = Time spent auto-exploring this place.
 F = Levels seen in this place.
 G = Mean time per level.
                   A        B        C        D        E       F      G
               +--------+--------+--------+--------+--------+-----+--------+
         Total |   4995 |   4894 |    101 |    241 |   3497 |   7 |  713.6 |
       Dungeon |   4955 |   4864 |     91 |    241 |   3497 |   6 |  825.8 |
        Temple |     40 |     30 |     10 |      0 |      0 |   1 |   40.0 |
               +--------+--------+--------+--------+--------+-----+--------+

Top non-repeatable levels by time:
     D:5: 1407 daAuts
     D:4: 952 daAuts
     D:1: 888 daAuts
     D:2: 870 daAuts
     D:3: 818 daAuts
  Temple: 40 daAuts
     D:6: 17 daAuts
